 Dungeon Crawl Stone Soup version 0.31.0-32-g396128a36d (webtiles) character file.

Game seed: 2498720319237274383

197 PaiMei the Gusty (level 5, -3/30 HPs)
             Began as a Tengu Air Elementalist on Mar 20, 2024.
             Slain by an orc warrior
             ... wielding a +0 morningstar
              (15 damage)
             ... on level 4 of the Dungeon.
             The game lasted 00:03:55 (3176 turns).

PaiMei the Gusty (Tengu Air Elementalist)           Turns: 3176, Time: 00:03:56

Health: -3/30      AC:  2    Str:  8    XL:     5   Next: 75%
Magic:  7/10       EV: 33    Int: 18    God:
Gold:   83         SH:  0    Dex: 14    Spells: 3/9 levels left

rFire   . . .        m - +0 whip (vamp)
rCold   . . .        (no shield)
rNeg    . . .        a - +0 robe
rPois   .            (helmet restricted)
rElec   .            (no cloak)
rCorr   .            (no gloves)
SInv    .            (boots unavailable)
Will    .....        (no amulet)
Stlth   ++           i - +5 ring of evasion
HPRegen 0.25/turn    (no ring)
MPRegen 0.12/turn

%: acrobat
@: acrobatic
A: beak, talons 3, acrobatic
a: no special abilities


You were on level 4 of the Dungeon.
You visited 1 branch of the dungeon, and saw 4 of its levels.

You collected 83 gold pieces.

Inventory:

Hand Weapons
 m - a +0 vampiric whip (weapon)
Missiles
 j - a throwing net
Armour
 a - a +0 robe (worn)
 l - a +0 buckler
Jewellery
 i - a +5 ring of evasion (left hand)
Scrolls
 c - 5 scrolls of identify {unknown}
 d - 2 scrolls of enchant armour {unknown}
 e - a scroll of amnesia {unknown}
 g - 3 scrolls of teleportation {unknown}
 h - a scroll of poison {unknown}
 k - a scroll of vulnerability {unknown}
Potions
 b - a potion of magic
 f - 2 potions of ambrosia {unknown}
 n - a potion of haste {unknown}
 o - a potion of might {unknown}
 p - a potion of resistance {unknown}


   Skills:
 + Level 1.9 Fighting
 + Level 3.4 Dodging
 - Level 2.1 Stealth
 + Level 2.9 Spellcasting
 + Level 3.3 Conjurations
 + Level 5.1 Air Magic


You had 3 spell levels left.
You knew the following spells:

 Your Spells              Type           Power      Damage    Failure   Level
a - Shock                 Conj/Air       72%        1d7       2%          1
b - Static Discharge      Conj/Air       36%        3-5/arc   4%          2
c - Swiftness             Air            21%        N/A       6%          3

Your spell library contained the following spells:

 Spells                   Type           Power      Damage    Failure   Level
 Summon Small Mammal      Summ           8%         N/A       17%         1
 Call Canine Familiar     Summ           2%         N/A       45%         3
 Airstrike                Air            10%        2d(2-18)  19%         4
 Summon Blazeheart Golem  Fire/Summ      2%         N/A       86%         4


Dungeon Overview and Level Annotations

Branches:
Dungeon (4/15)
 Temple: D:4-7

Altars:
Elyvilon
Hepliaklqana
Okawaru
Uskayaw

Shops:
D:3 [


Innate Abilities, Weirdness & Mutations

You have a beak for a mouth.
You have claws for feet.
You can magically evade attacks while moving or waiting.


Message History

The orc warrior misses you.
The orc warrior attacks as it pursues you!
The orc warrior closely misses you.
The orc warrior attacks as it pursues you!
The orc warrior completely misses you.
The endoplasm jiggles.
The orc warrior attacks as it pursues you!
The orc warrior completely misses you.
You see here a +0 club.
The orc warrior attacks as it pursues you!
The orc warrior completely misses you.
You see here a +0 ring mail.
The orc warrior attacks as it pursues you!
The orc warrior barely misses you.
The orc warrior attacks as it pursues you!
The orc warrior completely misses you.
The orc warrior attacks as it pursues you!
The orc warrior closely misses you.
The orc warrior attacks as it pursues you!
The orc warrior completely misses you.
The orc warrior attacks as it pursues you!
The orc warrior misses you.
The orc warrior attacks as it pursues you!
The orc warrior completely misses you.
The orc warrior attacks as it pursues you!
The orc warrior barely misses you.
The orc warrior attacks as it pursues you!
The orc warrior hits you with a +0 morningstar!
The orc warrior attacks as it pursues you!
The orc warrior completely misses you.
The orc warrior attacks as it pursues you!
The orc warrior hits you with a +0 morningstar.
The orc warrior attacks as it pursues you!
The orc warrior completely misses you.
The orc warrior attacks as it pursues you!
The orc warrior hits you with a +0 morningstar.
The orc warrior attacks as it pursues you!
The orc warrior hits you with a +0 morningstar!
Ouch! That really hurt!
You die...

#......รท...####
#..........J..#
#[.......####.#
#........####.######
#........J..)[......
#...##.#.##.###.####
#.#.##.#.##.###.####
#.#.##..............
# #@##.#.#.##.###.##
#.o..#....:.......
#.##.#.#.#)##.#.##
...##...#........##
###.##.#....?.#.#...
#....#.#.?... #.##
#.##........#...#
#.##.# # # #. ..


You could see an orc warrior.

Vanquished Creatures
  A phantom (D:4)
  An iguana (D:3)
  2 adders
  A dart slug (D:4)
  3 ribbon worms
  4 orcs (D:3)
  3 bats (D:2)
  9 endoplasms
  3 giant cockroaches
  4 goblins
  4 hobgoblins
  2 jackals (D:2)
  3 quokkas
  4 ball pythons
  5 frilled lizards
  6 kobolds
  6 rats
61 creatures vanquished.

Vanquished Creatures (others)
  A quokka (D:4)
1 creature vanquished.

Grand Total: 62 creatures vanquished

Notes
Turn   | Place    | Note
-------+----------+-------------------------------------------
     0 | D:1      | PaiMei the Tengu Air Elementalist began the quest for the
                  | Orb.
     0 | D:1      | Reached XP level 1. HP: 10/10 MP: 4/4
    34 | D:1      | You fall into a shaft and drop 1 floor!
   242 | D:2      | Reached XP level 2. HP: 15/15 MP: 1/6
  1083 | D:2      | Reached XP level 3. HP: 20/20 MP: 5/7
  1248 | D:2      | Found a hazy altar of Hepliaklqana.
  1690 | D:3      | Reached skill level 1 in Fighting
  1892 | D:3      | Reached XP level 4. HP: 25/25 MP: 5/8
  1941 | D:3      | Learned a level 2 spell: Static Discharge
  1945 | D:3      | Learned a level 3 spell: Swiftness
  2022 | D:3      | Found a hide-covered altar of Uskayaw.
  2091 | D:3      | Found an iron altar of Okawaru.
  2397 | D:3      | Found Zepnoat's Antique Armour Shoppe.
  2700 | D:4      | Found a white marble altar of Elyvilon.
  2818 | D:4      | Noticed a phantom
  2821 | D:4      | Noticed a phantom
  2913 | D:4      | Killed a phantom
  2914 | D:4      | Reached skill level 5 in Air Magic
  2914 | D:4      | Reached XP level 5. HP: 17/30 MP: 1/10
  3108 | D:4      | Noticed an orc warrior
  3176 | D:4      | Slain by an orc warrior

Illustrated notes

Levels and vault maps discovered:
D:1:      dpeg_arrival_pond, layout_rooms, serial_forest,
          infiniplex_forest_clump_cross, infiniplex_forest_end_2,
          infiniplex_forest_clump_tiny, infiniplex_forest_lined_room_3,
          infiniplex_forest_clump_tiny, infiniplex_forest_zigzag_1,
          infiniplex_forest_straight_5, infiniplex_forest_straight_4
D:2:      layout_loops_corners, basic_altar
D:3:      layout_loops_cross, mainiacjoe_overflow_alcove_4, okawaru_trees_2,
          gammafunk_temple_overflow_statue, serial_shops, shop
D:4:      layout_basic, nicolae_overflow_crystal_walls, elyvilon_altar_4,
          minmay_diced_spiral

Skill      XL: |  1  2  3  4 |
---------------+-------------+-----
Conjurations   | 2 3 |  3.3
Fighting       | 1 |  1.9
Dodging        | 3 |  3.4
Air Magic      | 5 |  5.1
Stealth        | |  2.1
Spellcasting   | |  2.9

Action                     |  1- 3 |  4- 6 || total
---------------------------+-------+-------++-------
  Melee: Kick              |     5 |     5 ||    10
         Unarmed           |     2 |       ||     2
         Punch             |     1 |     1 ||     2
         Dagger            |    13 |       ||    13
         Peck              |     2 |     2 ||     4
         Whip              |       |    13 ||    13
   Cast: Shock             |    83 |    65 ||   148
 Armour: Robe              |     4 |    18 ||    22
  Dodge: Dodged            |    26 |    39 ||    65
